[Event "Team 45 45 League T52"]
[Site "Internet Chess Club"]
[Date "2012.04.15"]
[Round "9"]
[White "SlimeDog2"]
[Black "lasker25"]
[Result "1-0"]
[WhiteElo "2151"]
[BlackElo "1949"]
[Opening "King's Indian: fianchetto, classical variation, 8.e4"]
[ECO "E68"]
[Time "21:33:20"]
[TimeControl "2700+45"]

1. d4 Nf6 2. c4 g6 3. Nf3 Bg7 4. g3 O-O 5. Bg2 d6 6. Nc3 Nbd7 7. O-O e5 8. e4
Re8 9. h3 exd4 10. Nxd4 Nc5 11. Re1 a5 12. b3 Nfd7 13. Be3 c6 14. Qc2 h5 15. a3
h4 16. g4 Ne5 17. Rad1 Qe7 18. f4 Nxg4 19. hxg4 Bxg4 20. Rd2 h3 21. Bh1 Qh4 22.
Kf1 f5 23. Bf2 Qf6 24. exf5 Rxe1+ 25. Bxe1 gxf5 26. Nde2 Re8 27. b4 axb4 28.
axb4 Ne4 29. Nxe4 fxe4 30. Bxe4 Bxe2+ 31. Rxe2 Qxf4+ 32. Bf2 Rf8 33. Qd2 Qxd2
34. Rxd2 Bc3 35. Rxd6 Bxb4 36. Rg6+ Kf7 37. Rh6 Ke7 38. Ke2 Kd7 39. Rxh3 Kc7 40.
Rh7+ Kb8 41. Bb6 Re8 42. Kd3 Bd6 43. Bf5 Be7 44. Bd7 {Black resigns} 1-0

[Event "Team 45 45 League T52"]
[Site "Internet Chess Club"]
[Date "2012.04.14"]
[Round "9"]
[White "vaknight"]
[Black "katikus"]
[Result "0-1"]
[WhiteElo "1753"]
[BlackElo "1818"]
[Opening "Bird's opening"]
[ECO "A02"]
[Time "13:00:15"]
[TimeControl "2700+45"]

1. f4 g6 2. Nf3 d5 3. e3 Bg7 4. c3 Nh6 5. Bd3 O-O 6. O-O Bf5 7. Bxf5 Nxf5 8. Na3
Nd7 9. d4 Nf6 10. Nc2 Ne4 11. g4 Nfd6 12. Qe1 e6 13. Bd2 c5 14. Rd1 Rc8 15. Bc1
Qa5 16. Na3 a6 17. Qe2 b5 18. dxc5 Rxc5 19. Ne5 Rc7 20. Bd2 Nc4 21. Naxc4 bxc4
22. a3 Rb7 23. Bc1 Bxe5 24. fxe5 Qc7 25. Qf3 Qxe5 26. Qf4 Qxf4 27. exf4 f5 28.
g5 Rfb8 29. Rde1 Kf7 30. h4 Nc5 31. Rf3 a5 32. Re2 a4 33. Rfe3 Rb6 34. Kg2 Nd3
{White resigns} 0-1

[Event "Team 45 45 League T52"]
[Site "Internet Chess Club"]
[Date "2012.04.14"]
[Round "9"]
[White "plutonas"]
[Black "Muravey"]
[Result "0-1"]
[WhiteElo "1588"]
[BlackElo "1907"]
[Opening "Nimzo-Indian: three knights variation"]
[ECO "E21"]
[Time "15:00:30"]
[TimeControl "2700+45"]

1. d4 Nf6 2. c4 e6 3. Nf3 Bb4+ 4. Nc3 b6 5. a3 Bxc3+ 6. bxc3 Bb7 7. Bg5 O-O 8.
e3 h6 9. Bh4 d6 10. Bd3 Nbd7 11. O-O e5 12. Bf5 e4 13. Nd2 g5 14. Bg3 Kg7 15. h4
Qe7 16. a4 a5 17. Qc2 Rae8 18. Rfb1 Bc6 19. Re1 Nb8 20. f3 exf3 21. gxf3 Nh5 22.
Bf2 gxh4 23. Kh2 Ng3 24. Rg1 Kh8 25. Bd3 Rg8 26. Rg2 Rg7 27. Rag1 Reg8 28. Ne4
Bd7 29. Nxg3 hxg3+ {White resigns} 0-1

[Event "Team 45 45 League T52"]
[Site "Internet Chess Club"]
[Date "2012.04.12"]
[Round "9"]
[White "nursey"]
[Black "tryanything"]
[Result "0-1"]
[WhiteElo "1614"]
[BlackElo "1568"]
[Opening "Benkö gambit accepted"]
[ECO "A58"]
[Time "05:05:06"]
[TimeControl "2700+45"]

1. d4 Nf6 2. c4 c5 3. d5 b5 4. cxb5 a6 5. bxa6 g6 6. e4 Nxe4 7. Bd3 Nf6 8. Be3
d6 9. Bb5+ Bd7 10. Na3 Bxb5 11. Nxb5 Qa5+ 12. Nc3 Rxa6 13. Qb3 Rb6 14. Qa4+ Qxa4
15. Nxa4 Ra6 16. Nc3 Bg7 17. Nf3 O-O 18. O-O Nbd7 19. Rfe1 Rb8 20. Bc1 Kf8 21.
a3 Nb6 22. Rd1 Nfd7 23. Ne4 Nc4 24. Nfg5 h6 25. Nf3 Nxb2 26. Re1 Nd3 27. Rd1
Bxa1 28. Bxh6+ Bg7 29. Bxg7+ Kxg7 30. Kf1 Rxa3 31. Ne1 Nxe1 32. Rxe1 Nf6 33.
Nxf6 Kxf6 34. Ke2 Rb2+ 35. Kf1 Rd3 {White resigns} 0-1

[Event "Team 45 45 League T52"]
[Site "Internet Chess Club"]
[Date "2012.04.15"]
[Round "9"]
[White "RedAttack"]
[Black "CaoCao"]
[Result "0-1"]
[WhiteElo "1885"]
[BlackElo "1884"]
[Opening "Réti opening"]
[ECO "A04"]
[Time "14:01:26"]
[TimeControl "2700+45"]

1. Nf3 d6 2. g3 e5 3. d3 Nc6 4. Bg2 g6 5. O-O Bg7 6. e4 Nge7 7. Nc3 O-O 8. Bg5
h6 9. Be3 Nd4 10. Qd2 Kh7 11. Ne2 Nxf3+ 12. Bxf3 Bh3 13. Rfe1 c5 14. Kh1 Qd7 15.
Ng1 Be6 16. Bg2 f5 17. Ne2 fxe4 18. dxe4 Rad8 19. Rad1 Nc6 20. a3 Nd4 21. f4 Bg4
22. Bxd4 cxd4 23. Rc1 Rc8 24. c3 Bxe2 25. Rxe2 dxc3 26. Rxc3 Rxc3 27. bxc3 Qc7
28. f5 gxf5 29. exf5 Bf6 30. Qc2 Qc5 31. a4 Rf7 32. c4 Rc7 33. Bd5 b6 34. Qe4
Qa3 35. Bc6 Qc5 36. Bd5 Qa3 37. Qc2 Qc5 38. Re4 Qxd5 {White resigns} 0-1

[Event "Team 45 45 League T52"]
[Site "Internet Chess Club"]
[Date "2012.04.14"]
[Round "9"]
[White "loudoun"]
[Black "Reeza"]
[Result "1/2-1/2"]
[WhiteElo "1857"]
[BlackElo "1855"]
[Opening "Sicilian: closed"]
[ECO "B23"]
[Time "12:01:04"]
[TimeControl "2700+45"]

1. e4 c5 2. Nc3 e6 3. f4 a6 4. g3 d5 5. d3 h5 6. h3 d4 7. Nce2 Nc6 8. Nf3 Nf6 9.
Bg2 b5 10. O-O Bb7 11. f5 exf5 12. exf5 Qd7 13. Nf4 O-O-O 14. Ng5 Ne5 15. a4 b4
16. Qe2 Re8 17. Bxb7+ Kxb7 18. Qg2+ Ka7 19. Bd2 h4 20. g4 Be7 21. Rae1 Nfxg4 22.
Nxf7 Nxf7 23. Qxg4 Bf6 24. Ne6 Rc8 25. b3 Ne5 26. Qe4 Rc6 27. Bf4 Nf7 28. Kh1 a5
29. Rg1 Re8 30. Qf3 g5 31. Bd2 Rg8 32. Re2 Nh6 33. Qe4 Kb6 34. Qf3 Ka7 {Game
drawn by mutual agreement} 1/2-1/2

[Event "Team 45 45 League T52"]
[Site "Internet Chess Club"]
[Date "2012.04.15"]
[Round "9"]
[White "RamRock"]
[Black "GrandUnified"]
[Result "1-0"]
[WhiteElo "1803"]
[BlackElo "1641"]
[Opening "Ruy Lopez: Treybal (Bayreuth) variation (exchange var. deferred)"]
[ECO "C77"]
[Time "20:00:09"]
[TimeControl "2700+45"]

1. e4 e5 2. Nf3 Nc6 3. Bb5 a6 4. Ba4 Nf6 5. Bxc6 dxc6 6. d3 Bd6 7. Nbd2 b5 8.
Nf1 O-O 9. Ng3 g6 10. Bg5 Qe7 11. O-O Kg7 12. Qd2 Re8 13. Bh6+ Kh8 14. Bg5 Kg7
15. h3 Qd8 16. Rad1 c5 17. c3 Bb7 18. Nh2 Be7 19. Qe2 h6 20. Be3 Rh8 21. f4 Bd6
22. Qf2 Nd7 23. fxe5 Nxe5 24. d4 cxd4 25. cxd4 Qe7 26. dxe5 Bxe5 27. Bd4 Rhf8
28. Bxe5+ Qxe5 29. Qd4 Qxd4+ 30. Rxd4 Rad8 31. Rfd1 Rxd4 32. Rxd4 c5 33. Rd7 Bc8
34. Ra7 Re8 35. Ra8 Kf6 36. Kf2 h5 37. Nf3 Kg7 38. Ne2 Kf8 39. Nf4 Bb7 40. Rxe8+
Kxe8 41. Ke3 Ke7 42. Nd5+ Kd6 43. Ng5 Bxd5 44. exd5 f6 45. Ne4+ Kxd5 46. Nxf6+
Ke5 47. Ne4 c4 48. a3 a5 49. Nc3 b4 50. axb4 axb4 51. Na2 c3 52. bxc3 b3 53. Nb4
b2 54. Nd3+ Kd5 55. Nxb2 {Black resigns} 1-0

[Event "Team 45 45 League T52"]
[Site "Internet Chess Club"]
[Date "2012.04.17"]
[Round "9"]
[White "chiiwen"]
[Black "saychess"]
[Result "1/2-1/2"]
[WhiteElo "2195"]
[BlackElo "1997"]
[Opening "Petrov: classical attack, Jaenisch variation"]
[ECO "C42"]
[Time "22:08:04"]
[TimeControl "2700+45"]

1. e4 e5 2. Nf3 Nf6 3. Nxe5 d6 4. Nf3 Nxe4 5. d4 d5 6. Bd3 Nc6 7. O-O Be7 8. c4
Nb4 9. Be2 O-O 10. Nc3 Bf5 11. a3 Nxc3 12. bxc3 Nc6 13. cxd5 Qxd5 14. Bf4 Rac8
15. Nd2 Qa5 16. Qb3 Qb6 17. Qa2 Na5 18. Nc4 Nxc4 19. Bxc4 Bd6 20. Be3 c6 21.
Rfe1 Qc7 22. h3 Qd7 23. f3 Bb8 24. Rad1 Qc7 25. g4 Bg6 26. Qg2 Rce8 27. Bc1 Qa5
28. Qb2 Bg3 29. Rf1 Qc7 30. Qd2 Re7 31. f4 Be4 32. f5 Rfe8 33. Qb2 b5 34. Bb3
Bd5 35. Bxd5 cxd5 36. Rd3 a6 37. Qg2 Bd6 38. Qxd5 Re2 39. Qf3 Bxa3 40. Bf4 Bd6
41. d5 a5 42. Bxd6 Qxd6 43. Qf4 Qb6+ 44. Qd4 Qd6 45. Qf4 Qb6+ 46. Rf2 Rxf2 47.
Qxf2 Qxf2+ 48. Kxf2 Kf8 49. d6 a4 50. c4 bxc4 51. Rd4 Rd8 52. Rxc4 Rxd6 53. Rxa4
g6 54. Rf4 Kg7 55. h4 h5 56. fxg6 Kxg6 57. g5 f6 58. gxf6 Rxf6 {Game drawn by
mutual agreement} 1/2-1/2

[Event "Team 45 45 League T52"]
[Site "Internet Chess Club"]
[Date "2012.04.14"]
[Round "9"]
[White "playwaycool"]
[Black "pmcglothin"]
[Result "1-0"]
[WhiteElo "2066"]
[BlackElo "1927"]
[Opening "Trompowsky attack (Ruth, Opocenský opening)"]
[ECO "A45"]
[Time "05:48:41"]
[TimeControl "2700+45"]

1. d4 Nf6 2. Bg5 d5 3. Bxf6 exf6 4. e3 Bf5 5. Bd3 Bxd3 6. Qxd3 c6 7. Nd2 Bd6 8.
Ngf3 O-O 9. O-O Na6 10. c4 Nc7 11. Rac1 Re8 12. Rfe1 Qd7 13. Nb3 g6 14. a3 Kg7
15. c5 Bf8 16. Na5 Rab8 17. b4 Re4 18. Nd2 Re6 19. Nf1 Re4 20. Ng3 Re6 21. Ne2
h5 22. Nf4 Re4 23. Red1 f5 24. Qd2 Ree8 25. a4 Be7 26. Rc2 Bg5 27. Nd3 Bf6 28.
Rb1 Ne6 29. b5 f4 30. Nxf4 Nxf4 31. exf4 Re4 32. bxc6 Qc7 33. Rxb7 Rxb7 34. cxb7
Rxd4 35. Qe1 Re4 36. Re2 Rxa4 37. Re8 Qxa5 38. Qxa5 Rxa5 39. g3 {Black resigns}
1-0

[Event "Team 45 45 League T52"]
[Site "Internet Chess Club"]
[Date "2012.04.12"]
[Round "9"]
[White "martineden"]
[Black "AntMantis"]
[Result "1-0"]
[WhiteElo "1999"]
[BlackElo "2082"]
[Opening "QGD Slav: Slav gambit"]
[ECO "D15"]
[Time "12:10:22"]
[TimeControl "2700+45"]

1. d4 d5 2. c4 c6 3. Nf3 Nf6 4. Nc3 dxc4 5. e4 b5 6. Be2 e6 7. O-O Be7 8. a4 b4
9. e5 bxc3 10. exf6 Bxf6 11. bxc3 Qd5 12. Ba3 Nd7 13. Nd2 Ba6 14. Bf3 Qa5 15.
Bxc6 Rc8 16. Bb4 Qc7 17. Bb5 Bxb5 18. axb5 Nb6 19. Qc1 Be7 20. Qa3 Bxb4 21. Qxb4
Nd5 22. Qa3 Qe7 23. Qxe7+ Kxe7 24. Rxa7+ Rc7 25. Rxc7+ Nxc7 26. b6 Nd5 27. Nxc4
Rb8 28. Rb1 Nxc3 29. Rb2 f6 30. b7 Kd7 31. Kf1 Ne4 32. Ke2 Nd6 33. Nxd6 Kxd6 34.
Rb6+ Kd5 35. Kd3 e5 36. dxe5 fxe5 37. f3 Kc5 38. Rb1 Kd5 39. g4 Kc5 40. Ke4 Kd6
41. h4 g6 42. h5 gxh5 43. gxh5 h6 44. Rb6+ Kc7 45. Rb4 Kd6 46. Kf5 Kc5 47. Rb1
Kd5 48. Kg6 e4 49. fxe4+ Kxe4 50. Kxh6 Kf5 51. Kg7 {Black resigns} 1-0

[Event "Team 45 45 League T52"]
[Site "Internet Chess Club"]
[Date "2012.04.13"]
[Round "9"]
[White "KoalieAwe"]
[Black "DarkFlow"]
[Result "1/2-1/2"]
[WhiteElo "1787"]
[BlackElo "1959"]
[Opening "Queen's Indian defense"]
[ECO "E12"]
[Time "12:08:00"]
[TimeControl "2700+45"]

1. d4 Nf6 2. c4 e6 3. Nf3 b6 4. Bg5 Bb7 5. e3 h6 6. Bh4 Bb4+ 7. Nc3 Bxc3+ 8.
bxc3 d6 9. Bd3 Nbd7 10. O-O Qe7 11. Nd2 g5 12. Bg3 h5 13. f3 O-O-O 14. Qc2 h4
15. Bf2 g4 16. e4 gxf3 17. Nxf3 Ng4 18. Qe2 Nxf2 19. Rxf2 Rhg8 20. Raf1 Rg7 21.
e5 dxe5 22. Nxe5 Nxe5 23. Qxe5 Rdg8 24. Be4 Ba6 25. Bd3 Kb8 26. Qe2 f5 27. d5 f4
28. Qf3 exd5 29. cxd5 Bc8 30. Kh1 h3 31. Rg1 hxg2+ 32. Rfxg2 Rxg2 33. Rxg2 Qe1+
34. Bf1 Rxg2 35. Kxg2 Qd2+ 36. Kg1 Qxa2 37. h4 Qa3 38. Qxf4 Qc5+ 39. Qd4 Qe7 40.
Kf2 a5 41. Be2 Bd7 42. h5 a4 43. Qe3 Qd6 44. Qg3 Qxd5 45. h6 a3 46. h7 Qf5+ 47.
Qf3 Qxh7 48. Qf8+ Kb7 49. Qxa3 Qf5+ 50. Ke1 Qe5 51. Qa6+ Kb8 52. Kd2 Bc6 53. Qc4
Qd5+ 54. Qxd5 Bxd5 55. Kc2 Kb7 56. c4 Be4+ 57. Kc3 Kc6 58. Kb4 {Game drawn by
mutual agreement} 1/2-1/2

[Event "Team 45 45 League T52"]
[Site "Internet Chess Club"]
[Date "2012.04.16"]
[Round "9"]
[White "Pacini"]
[Black "frontier"]
[Result "1/2-1/2"]
[WhiteElo "2111"]
[BlackElo "1970"]
[Opening "French: Two knights variation"]
[ECO "C00"]
[Time "19:40:28"]
[TimeControl "2700+45"]

1. e4 e6 2. Nf3 d5 3. Nc3 Nf6 4. e5 Nfd7 5. d4 c5 6. dxc5 Nc6 7. Bf4 Bxc5 8. Bd3
f6 9. exf6 Nxf6 10. O-O O-O 11. Ne5 Bd7 12. Qe2 Qe7 13. Rad1 a6 14. Rfe1 Rae8
15. Bg3 Nxe5 16. Bxe5 Bc6 17. Kh1 Bd6 18. f4 Bxe5 19. fxe5 Nd7 20. Qg4 Rf7 21.
Ne2 Nxe5 22. Bxh7+ Kxh7 23. Qh5+ Kg8 24. Qxe5 Rf5 25. Qe3 e5 26. Nd4 Rf7 27.
Nxc6 bxc6 28. h3 e4 29. c4 Qe5 30. cxd5 cxd5 31. Qd4 Qxd4 32. Rxd4 Rf2 33. Rxd5
Rxb2 34. a4 Re6 35. Rd4 Rg6 36. g4 Rc6 37. Rdxe4 Rcc2 38. R1e3 Rc1+ 39. Re1 Rcc2
40. Rf4 Rh2+ 41. Kg1 Rhg2+ 42. Kf1 Rh2 {Game drawn by mutual agreement} 1/2-1/2

[Event "Team 45 45 League T52"]
[Site "Internet Chess Club"]
[Date "2012.04.14"]
[Round "9"]
[White "spunni"]
[Black "kidviper"]
[Result "1-0"]
[WhiteElo "1971"]
[BlackElo "2014"]
[Opening "Four knights: Scotch, 4...exd4"]
[ECO "C47"]
[Time "12:00:30"]
[TimeControl "2700+45"]

1. e4 e5 2. Nf3 Nc6 3. Nc3 Nf6 4. d4 exd4 5. Nxd4 Bb4 6. Nxc6 bxc6 7. Bd3 d5 8.
exd5 cxd5 9. O-O O-O 10. Bg5 c6 11. Qf3 Be7 12. Rfe1 Rb8 13. Rab1 Be6 14. h3 Nd7
15. Bf4 Rb7 16. a3 Bf6 17. Ba6 Rb6 18. Bf1 Rb7 19. Ba6 Rb6 20. Bf1 Rb7 21. Na4
Qa5 22. b3 Be7 23. Qg3 Rc8 24. Nc3 Bf6 25. b4 Qb6 26. Na4 Qd8 27. Ba6 Rcb8 28.
Bxb7 Rxb7 29. Nc5 Nxc5 30. bxc5 Qa5 31. Kh2 Rxb1 32. Rxb1 h6 33. Qd3 g5 34. Bd6
Bd8 35. Rb8 Kg7 36. Be5+ f6 37. Rb7+ Bf7 38. Qf5 Qxc5 39. Qd7 Qf8 40. Bd6 Qg8
41. Rb8 Qh7 42. Rxd8 Qxc2 43. Rc8 Qg6 44. Bf8+ Kh7 45. Rxc6 Kg8 46. Rc8 Kh7 47.
Rc7 Kg8 48. Bc5 a6 49. Qd8+ Kh7 50. Qf8 h5 51. Rxf7+ Qxf7 52. Qxf7+ Kh6 53. Bf8#
{Black checkmated} 1-0

[Event "Team 45 45 League T52"]
[Site "Internet Chess Club"]
[Date "2012.04.13"]
[Round "9"]
[White "loudoun"]
[Black "barbak"]
[Result "1-0"]
[WhiteElo "1857"]
[BlackElo "1902"]
[Opening "Caro-Kann: Panov-Botvinnik attack"]
[ECO "B13"]
[Time "17:02:17"]
[TimeControl "2700+45"]

1. e4 c6 2. d4 d5 3. exd5 cxd5 4. c4 Nf6 5. Nc3 Nc6 6. Nf3 Bg4 7. cxd5 Nxd5 8.
Qb3 Bxf3 9. gxf3 Nb6 10. d5 Nd4 11. Bb5+ Nd7 12. Qa4 Nxb5 13. Qxb5 g6 14. O-O
Bg7 15. Re1 O-O 16. Bg5 Bf6 17. Bxf6 exf6 18. Qxb7 Rb8 19. Qxa7 Ne5 20. Re3 Rxb2
21. Qd4 Qb6 22. Qxb6 Rxb6 23. a4 Ra8 24. f4 Nc4 25. Re7 Kf8 26. Rc7 Nd6 27. Re1
Rb3 28. Nb5 Rc8 29. Rd7 Nf5 30. Rb7 Nh4 31. Kf1 Nf3 32. Rd1 Rb2 33. Nd6 Rcc2 34.
Rxb2 Rxb2 35. Kg2 Ke7 36. Ne4 Nh4+ 37. Kf1 Rb4 38. d6+ Kd8 39. Nc5 Nf5 40. a5
Rb5 41. Rd5 Rb1+ 42. Kg2 Rb2 43. Kf3 Rc2 44. a6 {Black forfeits on time} 1-0

[Event "Team 45 45 League T52"]
[Site "Internet Chess Club"]
[Date "2012.04.15"]
[Round "9"]
[White "tsia68"]
[Black "kidcobra"]
[Result "1/2-1/2"]
[WhiteElo "1773"]
[BlackElo "1829"]
[Opening "QGD: exchange, positional line"]
[ECO "D35"]
[Time "15:03:36"]
[TimeControl "2700+45"]

1. d4 d5 2. c4 e6 3. Nc3 Nf6 4. cxd5 exd5 5. Bg5 Be7 6. e3 O-O 7. Bd3 c5 8. Nge2
cxd4 9. Nxd4 Nc6 10. O-O Nxd4 11. exd4 Be6 12. Qd2 Bb4 13. Qf4 Be7 14. Qd2 Bb4
15. Qf4 Be7 {Game drawn by mutual agreement} 1/2-1/2

[Event "Team 45 45 League T52"]
[Site "Internet Chess Club"]
[Date "2012.04.15"]
[Round "9"]
[White "Hapa-Haole"]
[Black "monkeyshark"]
[Result "1/2-1/2"]
[WhiteElo "1647"]
[BlackElo "1429"]
[Opening "QGD: 4.Nf3"]
[ECO "D37"]
[Time "17:00:07"]
[TimeControl "2700+45"]

1. d4 d5 2. Nf3 Nf6 3. c4 e6 4. Nc3 Be7 5. e3 O-O 6. b3 Nbd7 7. Bb2 b6 8. Bd3
Bb7 9. O-O Ne4 10. cxd5 Nxc3 11. Bxc3 exd5 12. Qc2 Nf6 13. Ne5 c5 14. Rac1 Rc8
15. Qe2 Bd6 16. dxc5 bxc5 17. Ng4 Ne4 18. Bxe4 dxe4 19. Nh6+ Kh8 20. Qg4 f6 21.
Nf5 g6 22. Nxd6 Qxd6 23. Rfd1 Qa6 24. Rd7 Rcd8 25. Rxd8 Rxd8 26. Rd1 Rd3 27. Ba1
Qd6 28. Rc1 Kg7 29. g3 Qd7 30. Qxd7+ Rxd7 31. Kg2 Rd5 32. b4 Rd2 33. a4 Ra2 34.
bxc5 Rxa4 35. Bd4 Bc6 36. Rb1 Kf7 37. Rb8 Ke6 38. Rh8 h5 39. Rg8 Kf7 40. Rc8 Ra6
41. Rd8 Bb5 42. Rc8 Ke6 43. Rf8 Ke7 44. Rb8 Bc6 45. Rg8 Kf7 46. Rh8 Bb5 47. Rh7+
Ke6 48. Rg7 Kf5 49. h3 g5 50. Rh7 Kg6 51. Rc7 Kf5 52. Rb7 Bc6 53. Rb8 Bd5 54.
Rd8 Bc6 55. Rd6 Bb5 56. Rxa6 Bxa6 57. c6 Bc8 58. Bxa7 Ke6 59. Bb8 Kf5 60. f3
exf3+ 61. Kxf3 g4+ 62. hxg4+ hxg4+ 63. Kf2 Ke4 64. Ke2 f5 65. Bf4 Ba6+ 66. Kd2
Kd5 67. c7 Bc8 68. Kc3 Kc5 69. Kd3 Kd5 70. Kc3 Kc5 71. Kd3 {Game drawn by mutual
agreement} 1/2-1/2

[Event "Team 45 45 League T52"]
[Site "Internet Chess Club"]
[Date "2012.04.14"]
[Round "9"]
[White "fireball"]
[Black "dschesq"]
[Result "1-0"]
[WhiteElo "1742"]
[BlackElo "1542"]
[Opening "Réti opening"]
[ECO "A04"]
[Time "12:04:49"]
[TimeControl "2700+45"]

1. Nf3 c5 2. d3 Nf6 3. g3 b6 4. Bg2 Bb7 5. Nc3 d5 6. O-O Nbd7 7. Re1 e5 8. e4 d4
9. Ne2 Qc7 10. Nd2 b5 11. f4 Bd6 12. Nf3 O-O 13. f5 c4 14. h3 cxd3 15. cxd3 a5
16. g4 b4 17. Ng3 Nc5 18. g5 Nfd7 19. h4 Ba6 20. Bf1 a4 21. h5 b3 22. a3 Rfe8
23. g6 Nf6 24. gxh7+ Nxh7 25. h6 Bf8 26. hxg7 Bxg7 27. Ng5 Nd7 28. Nxh7 Kxh7 29.
Qh5+ Kg8 30. Bh6 Bxh6 31. Qxh6 Qb6 32. Qg5+ Kh7 33. Re2 Qh6 34. Rh2 Qxh2+ 35.
Kxh2 Rg8 36. Qh5+ Kg7 37. Bh3 Rh8 38. Qg5+ Kf8 39. f6 Rg8 40. Qh6+ Ke8 41. Nf5
Rc8 42. Nd6+ Kd8 43. Nxc8 Bxc8 44. Rg1 {Black resigns} 1-0

[Event "Team 45 45 League T52"]
[Site "Internet Chess Club"]
[Date "2012.04.13"]
[Round "9"]
[White "nanning"]
[Black "jhbchess"]
[Result "0-1"]
[WhiteElo "1575"]
[BlackElo "1614"]
[Opening "QGD Slav: 4.e3 Bf5"]
[ECO "D12"]
[Time "14:00:11"]
[TimeControl "2700+45"]

1. d4 c6 2. c4 d5 3. Nf3 Nf6 4. e3 Bf5 5. Nc3 e6 6. Nh4 Be4 7. f3 Bg6 8. Qb3 Qc7
9. cxd5 cxd5 10. g3 Nc6 11. Bd2 Be7 12. Rc1 Bh5 13. Kf2 g5 14. Ng2 Bg6 15. Nb5
Qd7 16. Bd3 Bxd3 17. Qxd3 h5 18. Nc3 g4 19. Nh4 gxf3 20. Nxf3 O-O-O 21. Ne5 Ng4+
22. Kg2 Ngxe5 23. dxe5 Kb8 24. Nb5 Nxe5 25. Qb3 Nc6 26. Bc3 Rhg8 27. a4 h4 28.
a5 hxg3 29. hxg3 a6 30. Nd4 Ne5 31. Nf3 Nxf3 32. Kxf3 Qd6 33. Rh3 e5 34. Ke2 d4
35. Rd1 d3+ 36. Kf3 Qc6+ 37. Kf2 Qf6+ 38. Kg2 Qc6+ 39. Kf2 Qd6 40. Rh5 Qf6+ 41.
Kg2 Rxg3+ 42. Kxg3 Rg8+ {White resigns} 0-1

[Event "Team 45 45 League T52"]
[Site "Internet Chess Club"]
[Date "2012.04.15"]
[Round "9"]
[White "az2112"]
[Black "cys456"]
[Result "0-1"]
[WhiteElo "1622"]
[BlackElo "1735"]
[Opening "English: symmetrical variation"]
[ECO "A38"]
[Time "12:10:54"]
[TimeControl "2700+45"]

1. Nf3 c5 2. c4 Nc6 3. Nc3 Nf6 4. g3 g6 5. Bg2 Bg7 6. O-O d6 7. d3 O-O 8. Bd2
Bd7 9. Qc1 Re8 10. Rb1 Rb8 11. a3 a5 12. Na2 b5 13. cxb5 Rxb5 14. b4 cxb4 15.
axb4 axb4 16. Nxb4 Nxb4 17. Rxb4 Rxb4 18. Bxb4 Qb6 19. Bd2 Rc8 20. Qb1 Rb8 21.
Qxb6 Rxb6 22. Bc3 Rc6 23. Rc1 Nd5 24. Bd2 Rxc1+ 25. Bxc1 Nc3 26. Kf1 Nb5 27. Ke1
f5 28. Bd2 e5 29. Bb4 h6 30. Nd2 Kf7 31. Bd5+ Ke7 32. Nc4 Be6 33. Nb6 Bxd5 34.
Nxd5+ Ke6 35. Nc3 Nxc3 36. Bxc3 d5 37. h4 d4 38. Bb4 e4 39. Kd2 Kd5 40. e3 dxe3+
41. Ke2 exf2 42. dxe4+ fxe4 43. Kxf2 Bd4+ 44. Ke2 Ke5 45. h5 gxh5 46. Bf8 Kf5
47. Bxh6 Kg4 48. Kf1 Kxg3 49. Bf8 Kf3 50. Be7 e3 51. Bb4 e2+ {White resigns} 0-1

[Event "Team 45 45 League T52"]
[Site "Internet Chess Club"]
[Date "2012.04.13"]
[Round "9"]
[White "Mymas"]
[Black "Duguesclin"]
[Result "0-1"]
[WhiteElo "1631"]
[BlackElo "1674"]
[Opening "French: exchange variation"]
[ECO "C01"]
[Time "16:31:04"]
[TimeControl "2700+45"]

1. e4 e6 2. d4 d5 3. exd5 exd5 4. c4 Nf6 5. Nc3 Bb4 6. Bg5 c6 7. Bd3 dxc4 8.
Bxc4 O-O 9. Ne2 b5 10. Bd3 Bg4 11. O-O Qd6 12. Bf4 Qd7 13. h3 Bxc3 14. bxc3 Bf5
15. Nc1 Na6 16. Bg3 Rfe8 17. Bxf5 Qxf5 18. Qd3 Qe4 19. Be5 Qxd3 20. Nxd3 Ne4 21.
Rac1 f6 22. Bf4 Rad8 23. f3 Nd6 24. Rfe1 Nc4 25. Kf2 g5 26. Bg3 Kf7 27. Rxe8
Rxe8 28. Re1 Rxe1 29. Kxe1 Ne3 30. Kf2 Nd1+ 31. Ke2 Nxc3+ 32. Kd2 Nxa2 33. Bd6
Ke6 34. Bf8 Nc7 35. Kc2 Nd5 36. Bc5 a5 37. Kb3 Nac3 38. g3 Ne2 39. g4 Ng1 40.
Nf2 Nxf3 41. Ne4 Kd7 42. Kc2 Ke6 43. Kb3 a4+ 44. Ka3 Nf4 45. Nf2 Kd5 46. Kb4
Nxd4 47. Bxd4 Kxd4 48. Ka3 Kc4 {White resigns} 0-1

[Event "Team 45 45 League T52"]
[Site "Internet Chess Club"]
[Date "2012.04.14"]
[Round "9"]
[White "powerchess1"]
[Black "ausya"]
[Result "1/2-1/2"]
[WhiteElo "1650"]
[BlackElo "1584"]
[Opening "King's Indian: London system"]
[ECO "A45"]
[Time "18:32:21"]
[TimeControl "2700+45"]

1. d4 Nf6 2. Bf4 g6 3. Nf3 Bg7 4. e3 d5 5. h3 Nbd7 6. c4 c6 7. Bd3 dxc4 8. Bxc4
Nb6 9. Bb3 Nbd5 10. Bh2 Bf5 11. O-O h5 12. Nc3 Bh6 13. Re1 g5 14. e4 Nxc3 15.
bxc3 Bxe4 16. Bxf7+ Kxf7 17. Ne5+ Kg7 18. Rxe4 Nxe4 19. Qc2 Nd6 20. Qg6+ Kf8 21.
Qe6 Kg7 22. Qg6+ Kf8 {Game drawn by mutual agreement} 1/2-1/2

[Event "Team 45 45 League T52"]
[Site "Internet Chess Club"]
[Date "2012.04.14"]
[Round "9"]
[White "iceface"]
[Black "sdcohle"]
[Result "1-0"]
[WhiteElo "1622"]
[BlackElo "1342"]
[Opening "French: Rubinstein variation"]
[ECO "C10"]
[Time "21:00:06"]
[TimeControl "2700+45"]

1. e4 e6 2. d4 d5 3. Nc3 dxe4 4. Nxe4 Nf6 5. Bg5 Be7 6. Nxf6+ Bxf6 7. Bxf6 Qxf6
8. Nf3 O-O 9. Be2 Nc6 10. c3 b6 11. O-O Bb7 12. Nd2 Rad8 13. Bf3 Na5 14. Bxb7
Nxb7 15. Qa4 Qe7 16. Qxa7 c5 17. Nf3 cxd4 18. Nxd4 Qd7 19. Qxb6 Qd5 20. Qc6 Rd6
21. Qxd5 Rxd5 22. a4 Rfd8 23. h3 Na5 24. b4 e5 25. Nf3 e4 26. Nd4 Nc4 27. Ra2
Rc8 28. Rc1 Ne5 29. a5 Nd7 30. Rac2 Ne5 31. Nf5 Kf8 32. Ne3 Rd7 33. c4 Rdc7 34.
b5 Nd7 35. a6 Ra7 36. Nd5 Rb8 37. Nb4 Nc5 38. Nc6 Rba8 39. Nxa7 Rxa7 40. Rd1 Ke7
41. Rd5 Ne6 42. c5 Nc7 43. b6 Rxa6 44. bxc7 Rc6 45. Re5+ Kd7 46. Rxe4 Kxc7 47.
Re7+ Kd8 48. Rxf7 Rg6 49. Ra2 Ke8 50. Rb7 Rc6 51. Ra8+ Rc8 52. Rxc8# {Black
checkmated} 1-0

[Event "Team 45 45 League T52"]
[Site "Internet Chess Club"]
[Date "2012.04.17"]
[Round "9"]
[White "gsvc"]
[Black "gareth"]
[Result "1-0"]
[WhiteElo "2406"]
[BlackElo "2143"]
[Opening "French: Tarrasch, closed variation"]
[ECO "C05"]
[Time "19:02:42"]
[TimeControl "2700+45"]

1. e4 e6 2. d4 d5 3. Nd2 Nf6 4. e5 Nfd7 5. Bd3 c5 6. c3 Nc6 7. Ngf3 g6 8. h4 Qb6
9. h5 g5 10. Nxg5 cxd4 11. cxd4 Qxd4 12. Ndf3 Qb4+ 13. Bd2 Qxb2 14. Rb1 Qxa2 15.
Nxh7 Bc5 16. O-O a6 17. h6 Qa3 18. Bg5 Be7 19. Nf6+ Bxf6 20. exf6 Qd6 21. Re1 b5
22. h7 Bb7 23. Bh6 Nxf6 24. Bg7 Rxh7 25. Bxf6 Rh6 26. Bg5 Rh5 27. Qd2 Kd7 28. g4
Rhh8 29. Bf6 Rhg8 30. g5 Rac8 31. Rbc1 Rc7 32. Rc2 b4 33. Rec1 Rcc8 34. Bxa6
Bxa6 35. Rxc6 Rxc6 36. Ne5+ {Black resigns} 1-0

[Event "Team 45 45 League T52"]
[Site "Internet Chess Club"]
[Date "2012.04.17"]
[Round "9"]
[White "Pomberito"]
[Black "Bubacik"]
[Result "0-1"]
[WhiteElo "2028"]
[BlackElo "2193"]
[Opening "KP: Nimzovich defense"]
[ECO "B00"]
[Time "11:00:15"]
[TimeControl "2700+45"]

1. e4 Nc6 2. Nf3 d5 3. exd5 Qxd5 4. d4 Bg4 5. Be2 O-O-O 6. Be3 e5 7. c4 Bb4+ 8.
Nbd2 Qa5 9. d5 Bxf3 10. Bxf3 Nd4 11. O-O Bxd2 12. Bxd2 Nxf3+ 13. gxf3 Qa6 14.
Qb3 Ne7 15. Rfe1 Ng6 16. Rac1 Rhe8 17. c5 Nh4 18. d6 Qc6 19. Re4 Nf5 20. Qa3 Nd4
21. b4 Kb8 22. Qd3 cxd6 23. b5 Qd5 24. cxd6 Rxd6 25. Bb4 Rf6 26. Rc5 Nxf3+ 27.
Qxf3 Qxc5 28. Qe2 Rg6+ 29. Kf1 Qc1+ 30. Be1 Qg5 31. Qd3 Rd8 32. Qc2 Qg2+ 33. Ke2
Rf6 34. Rxe5 Qf3+ 35. Kf1 Qd3+ 36. Qxd3 Rxd3 37. a4 Rd7 38. Bc3 Re6 39. Rh5 Rd1+
40. Kg2 Rg6+ 41. Kf3 Rd3+ {White resigns} 0-1